 Dungeon Crawl Stone Soup version 0.11.1 (console) character file.

1191 caleb the Vexing (level 8, -8/36 HPs)
             Began as a Spriggan Enchanter on Jan 11, 2013.
             Shot with an arrow of frost by a centaur (17 damage)
             ... on Level 6 of the Dungeon on Jan 12, 2013.
             The game lasted 00:40:34 (5651 turns).

caleb the Vexing (Spriggan Enchanter)               Turns: 5651, Time: 00:40:35

HP  -8/36        AC  5     Str  4      XL: 8   Next:  6%
MP  11/23        EV 18     Int 19      God:
Gold 216         SH  0     Dex 19      Spells:  4 memorised,  8 levels left

Res.Fire  : . . .   See Invis. : +   j - +1,+0 orc dagger (venom)
Res.Cold  : . . .   Warding    : .   b - +1 robe
Life Prot.: . . .   Conserve   : .   (shield restricted)
Res.Poison: .       Res.Corr.  : .   (helmet restricted)
Res.Elec. : .       Clarity    : .   r - +1 cloak (curse)
Sust.Abil.: . .     Spirit.Shd : .   (gloves unavailable)
Res.Mut.  : .       Stasis     : .   (boots unavailable)
Res.Rott. : .       Ctrl.Telep.: .   (no amulet)
Saprovore : . . .   Levitation : .   (no ring) Ctrl.Flight: .
                                     n - cursed +3 ring of intelligence

@: very slightly contaminated, very quick, somewhat resistant to hostile
enchantments, stealthy
A: unfitting armour, see invisible, herbivore 3, speed 3, slow metabolism 2
a: no special abilities


You were on level 6 of the Dungeon.
You were not hungry.

You visited 1 branch of the dungeon, and saw 6 of its levels.

You collected 196 gold pieces.

Inventory:

Hand weapons
 a - a +1,+1 dagger {=f}
 j - a +1,+0 orcish dagger of venom (weapon)
Missiles
 m - 4 poisoned darts (quivered)
Armour
 b - a +1 robe (worn)
 r - a cursed +1 cloak (worn)
Comestibles
 d - an apple
 g - 2 honeycombs
 i - a bread ration
 A - 2 chokos
Scrolls
 f - 3 scrolls of remove curse {unknown}
 k - a scroll of teleportation
 o - a scroll of curse weapon
 p - a scroll of recharging {unknown}
 y - a scroll of enchant armour
Jewellery
 n - a cursed +3 ring of intelligence (left hand)
Potions
 e - a potion of porridge
 h - 2 potions of brilliance
 q - a potion of levitation
 s - a potion of might {unknown}
 u - a potion of degeneration {unknown}
 w - a potion of restore abilities {unknown}
Books
 c - a book of Maledictions

   Spells                             Type                      Level
   *Corona                            Hexes                        1
   Sure Blade                         Hexes/Charms                 2
   *Ensorcelled Hibernation           Hexes/Ice                    2
   *Confuse                           Hexes                        3
   Enslavement                        Hexes                        4
   Invisibility                       Hexes                        6


   Skills:
 - Level 1.1 Short Blades
 - Level 1.1 Throwing
 - Level 3.0 Dodging
 - Level 3.0 Stealth
 + Level 7.0 Stabbing
 - Level 5.3 Spellcasting
 + Level 7.2 Hexes
 + Level 3.4 Transmutations


You had 8 spell levels left.
You knew the following spells:

 Your Spells              Type           Power        Failure   Level  Hunger
a - Corona                Hex            #####...     1%          1    None
b - Ensorcelled Hibernat  Hex/Ice        ####...      6%          2    None
c - Confuse               Hex            #####....    1%          3    ##.....
d - Passwall              Trmt/Erth      ###.......   17%         3    ##.....


Dungeon Overview and Level Annotations

Branches:
Dungeon (6/27)             Temple (0/1) D:5
    Orc: D:6-11

Altars:
Ashenzari
the Shining One

Shops:
D:6: [

Portals:
Ziggurat: D:5 (4340 gp)


Innate Abilities, Weirdness & Mutations

You are tiny and cannot use many weapons and most armour.
You have supernaturally acute eyesight.
You are a herbivore.
You cover ground extremely quickly.
You need consume almost no food.


Message History

Drink which item? (? for menu, Esc to quit)
Okay, then.
The helpless orc fails to defend itself.
You cut the orc into ribbons!!!
You kill the orc!
The orc hits you.
* * * LOW HITPOINT WARNING * * *
The giant cockroach misses you. The kobold misses you. The orc misses you.
The worker ant zombie waves its antennae.
The worker ant zombie completely misses you.
Things that are here:
an orcish club; an orc corpse A centaur comes into view.
Found Narye's Armour Boutique.
The centaur wields a runed bow.
It is covered in frost.
The centaur shoots an arrow of frost.
The arrow of frost misses you.
You see here an arrow.
The centaur shoots an arrow of frost.
The arrow of frost hits you!
You die...

.................. ... .
>............c.∩............... .
.................................
.................................
.................................
#)[).............................
##>.......o......................
##......K.......................
##.....z.s.(..@................
##............................
##...........................
##..........................
##................(........
##........................
##.......................
########################


You could see a centaur, an orc, a worker ant zombie, a giant cockroach and a
kobold.

Vanquished Creatures
  An ogre (D:5)
  An orc warrior (D:6)
  A centaur (D:5)
  A basilisk skeleton (D:6)
  3 orc priests
  Crazy Yiuf (D:2)
  3 hounds
  A scorpion (D:6)
  2 worker ants (D:6)
  2 orc wizards
  Jessica (D:2)
  A jelly (D:6)
  3 adders
  2 worms (D:3)
  6 giant geckos
  3 oozes
  13 orcs
  20 bats
  3 giant cockroaches
  11 hobgoblins
  9 jackals
  2 quokkas
  A ball python (D:4)
  8 giant newts
  A giant spore (D:6)
  7 goblins
  12 kobolds
  A quokka skeleton (D:4)
  4 rats
  A rat skeleton (D:4)
  2 ballistomycetes (D:6)
127 creatures vanquished.

Vanquished Creatures (others)
  A bat (D:1)
  2 toadstools
3 creatures vanquished.

Grand Total: 130 creatures vanquished

Notes
Turn   | Place    | Note
--------------------------------------------------------------
     0 | D:1      | caleb, the Spriggan Enchanter, began the quest for the Orb.
     0 | D:1      | Reached XP level 1. HP: 9/9 MP: 4/4
   394 | D:1      | Reached XP level 2. HP: 8/13 MP: 4/6
   519 | D:1      | Learned a level 2 spell: Ensorcelled Hibernation
   767 | D:1      | Found a shattered altar of Ashenzari.
   911 | D:1      | Reached skill level 4 in Hexes
  1220 | D:2      | Reached XP level 3. HP: 16/16 MP: 9/9
  1225 | D:2      | Learned a level 3 spell: Confuse
  1336 | D:2      | Noticed Jessica
  1338 | D:2      | Killed Jessica
  1850 | D:2      | Reached XP level 4. HP: 19/21 MP: 13/13
  2076 | D:2      | Noticed Crazy Yiuf
  2091 | D:2      | Killed Crazy Yiuf
  3215 | D:3      | Reached skill level 5 in Hexes
  3215 | D:3      | Reached XP level 5. HP: 24/24 MP: 13/16
  3985 | D:4      | Reached XP level 6. HP: 22/28 MP: 10/19
  4381 | D:4      | Found a glowing golden altar of the Shining One.
  4482 | D:5      | Entered Level 5 of the Dungeon
  4768 | D:5      | Found a staircase to the Ecumenical Temple.
  4874 | D:5      | Learned a level 3 spell: Passwall
  5065 | D:5      | Found a gateway to a ziggurat.
  5091 | D:5      | Reached skill level 5 in Stabbing
  5096 | D:5      | Reached skill level 5 in Spellcasting
  5096 | D:5      | Reached skill level 6 in Hexes
  5100 | D:5      | Reached XP level 7. HP: 17/32 MP: 12/22
  5396 | D:6      | Reached skill level 1 in Transmutations
  5551 | D:6      | Reached skill level 7 in Hexes
  5627 | D:6      | Reached XP level 8. HP: 36/36 MP: 20/23
  5643 | D:6      | Found Narye's Armour Boutique.
  5651 | D:6      | Shot with an arrow of frost by a centaur
